AoeStats
← meditator27

MegaRandom

508986504Analyzed
4v4 RM · 6d ago on Sep 25, 2026· 58m 30s· 8 players
Game mode
Random Map
Map size
Large (8 player)
Population
200
Speed
Normal
Resources
Standard
Victory
Conquest
Starting age
Dark Age
Ending age
Imperial Age
RankedLock teamsTeams togetherTeam positionsShared explorationLock speedFull tech treeHidden civsTurbo modeCheats
Victory
Defeat
🇧🇷 Danes · Brazil
1189
+17
🇺🇸 Varangians · United States
1183
+17
🇬🇧 Saxons · United Kingdom
1181
+17
🇮🇱 Berbers · Israel
1145
+19
🇹🇼 Ethiopians · Taiwan
1217
-18
🇦🇺 Khmer · Australia
1217
-18
🇦🇷 Spanish · Argentina
1196
-17
🇦🇷 Italians · Argentina
1189
-17
Sarren
0:36 Loom
12:03 Feudal Age
15:35 Castle Age
13:47 Gold Mining
13:48 Double-Bit Axe
14:15 Gold Mining
14:27 Fishing Lines
15:15 Fletching
15:54 Forging
16:55 Horse Collar
19:27 Bow Saw
21:06 Gillnets
23:05 Wheelbarrow
22:23 Stone Mining
24:04 Heavy Plow
24:41 Hand Cart
25:11 Bloodlines
26:26 Town Watch
30:30 Imperial Age
28:10 Husbandry
28:23 Bloodlines
29:09 Scale Barding Armor
29:39 Iron Casting
32:02 Chain Barding Armor
33:38 Two-Man Saw
33:03 Cavalier
34:20 Plate Barding Armor
34:46 Blast Furnace
34:57 Conscription
36:01 Stone Shaft Mining
35:00 Vendel Legacy
36:28 Guilds
37:27 Padded Archer Armor
37:17 Fletching
37:19 Heavy Scorpion
41:34 Chemistry
40:46 Masonry
40:18 Treadmill Crane
40:51 Masonry
40:44 Scale Mail Armor
40:39 Bodkin Arrow
41:34 Town Patrol
41:10 Elite Longship
41:51 Bracer
43:10 Leather Archer Armor
43:17 Ballistics
43:03 Siege Engineers
43:21 Shipwright
43:12 Clinker Construction
43:18 Careening
45:17 Ring Archer Armor
44:47 Scale Mail Armor
45:21 Crop Rotation
46:52 Chain Mail Armor
50:27 Plate Mail Armor
50:29 Architecture
50:22 Dry Dock
55:53 Elite Jarl
57:50 Carvel Hull
Jobington
10:33 Loom
12:30 Feudal Age
16:34 Castle Age
15:51 Fletching
16:20 Horse Collar
16:27 Double-Bit Axe
20:32 Bodkin Arrow
47:00 Bow Saw
48:05 Wheelbarrow
50:41 Heavy Plow
Spitfire
9:10 Loom
10:12 Loom
12:12 Feudal Age
13:53 Double-Bit Axe
18:48 Castle Age
21:58 Bow Saw
25:48 Fletching
26:29 Bodkin Arrow
29:03 Wheelbarrow
42:34 Fishing Lines
43:58 Town Watch
46:24 Padded Archer Armor
46:48 Horse Collar
49:38 Elite Skirmisher
51:37 Leather Archer Armor
54:16 Imperial Age
52:36 Heavy Plow
53:11 Hand Cart
53:18 Hand Cart
54:19 Ballistics
55:14 Bracer
55:45 Ring Archer Armor
56:19 Chemistry
56:08 Conscription
57:40 Hoardings
57:54 Scale Barding Armor
57:59 Forging
58:12 Masonry
58:37 Bloodlines
HATamaTAH
0:35 Loom
9:55 Feudal Age
10:32 Double-Bit Axe
17:40 Forging
19:10 Scale Mail Armor
19:24 Man-at-Arms
22:31 Castle Age
20:30 Arson
22:34 Gold Mining
22:42 Long Swordsman
23:08 Gambesons
23:40 Chain Mail Armor
23:37 Bow Saw
26:50 Medium Warships
40:58 Imperial Age
39:37 Squires
42:41 Chemistry
42:04 Elite Varangian Guard
43:16 Plate Mail Armor
43:40 Stone Mining
43:59 Elite Longship
45:56 Iron Casting
44:49 Hamask
45:52 Conscription
46:29 Gold Shaft Mining
46:30 Stone Shaft Mining
47:05 Wheelbarrow
46:06 Pikeman
47:48 Blast Furnace
48:08 Halberdier
51:18 Hand Cart
56:03 Onager
juanag86
0:48 Loom
11:50 Feudal Age
18:55 Castle Age
19:16 Fletching
19:28 Double-Bit Axe
20:36 Town Watch
22:37 Gold Mining
25:12 Stone Mining
27:31 Bodkin Arrow
28:53 Crossbowman
31:01 Thumb Ring
34:02 Wheelbarrow
33:30 Padded Archer Armor
35:21 Leather Archer Armor
36:51 Ballistics
36:52 Bow Saw
42:25 Imperial Age
40:33 Hand Cart
41:54 Masonry
43:20 Bracer
44:23 Chemistry
43:53 Architecture
43:55 Conscription
44:11 Hoardings
46:11 Elite Genoese Crossbowman
elmariscal
0:42 Loom
11:29 Feudal Age
16:38 Castle Age
39:08 Imperial Age
38:07 Pikeman
40:48 Wheelbarrow
40:39 Squires
42:08 Gold Mining
42:07 Double-Bit Axe
42:39 Halberdier
51:44 Town Watch
53:40 Hand Cart
54:45 Chemistry
55:06 Bloodlines
55:22 Husbandry
54:50 Light Cavalry
meditator27
0:36 Loom
11:41 Feudal Age
13:18 Double-Bit Axe
13:52 Horse Collar
21:53 Castle Age
21:42 Fletching
23:10 Crossbowman
24:44 Wheelbarrow
DreamStolen
0:34 Loom
13:10 Feudal Age
13:45 Double-Bit Axe
13:53 Horse Collar
18:09 Castle Age
19:31 Scale Barding Armor
19:37 Forging
20:01 Bloodlines
20:04 Heavy Plow
20:32 Chain Barding Armor
22:54 Light Cavalry
26:05 Wheelbarrow
27:43 Fletching
34:51 Hand Cart
44:18 Imperial Age
44:36 Elite Battle Elephant
45:55 Crop Rotation
46:06 Iron Casting
47:42 Plate Barding Armor
49:22 Heavy Scorpion
50:29 Conscription
51:56 Capped Ram
52:53 Double Crossbow
53:40 Bow Saw
53:04 Hussar
53:45 Husbandry
53:11 Siege Ram
53:39 Hussar
54:20 Husbandry
Connection lost

Rejoining the realm…

Still unreachable

The connection could not be restored.

Session expired

The server has moved on; the page needs a fresh start.